 Dungeon Crawl Stone Soup version 0.13-a0-1577-g2bae144 (webtiles) character file.

31830 Kae the Spry (level 13, -9/67 HPs)
             Began as a Felid Berserker on June 12, 2013.
             Was the Champion of Trog.
             Mangled by Donald
             ... wielding a +0,+0 scimitar of flaming
              (12 damage)
             ... on Level 3 of the Orcish Mines.
             The game lasted 00:53:19 (26950 turns).

Kae the Spry (Felid Berserker)                     Turns: 26950, Time: 00:53:20

HP  -9/67        AC  5     Str 14      XL: 13   Next:  9%
MP  20/20        EV 41     Int  8      God: Trog [******]
Gold 1292        SH  0     Dex 21      Spells:  0 memorised, 12 levels left
Lives: 0, deaths: 4

Res.Fire  : . . .   See Invis. : +     - Unarmed
Res.Cold  : + . .   Warding    : .   (armour unavailable)
Life Prot.: . . .   Conserve   : .   (shield unavailable)
Res.Poison: .       Res.Corr.  : .   (helmet unavailable)
Res.Elec. : .       Clarity    : .   (cloak unavailable)
Sust.Abil.: . .     Spirit.Shd : .   (gloves unavailable)
Res.Mut.  : .       Stasis     : .   (boots unavailable)
Res.Rott. : .       Flight     : .   (no amulet)
Saprovore : . . .                    f - ring of the King {+Fly MR}
                                     i - cursed +3 ring of evasion

@: regenerating, quick, extraordinarily resistant to hostile enchantments,
extraordinarily stealthy
A: paw claws, no armour, no advanced items, fangs 3, see invisible, blink 1,
breathe flames 1, carnivore 3, speed 1, +10% hp, slow metabolism 1, AC +5, Str
+1
a: Blink, Burn Spellbooks, Berserk, Trog's Hand, Brothers in Arms, Renounce
Religion, Breathe Fire, Evoke Flight


You were on level 3 of the Orcish Mines.
You worshipped Trog.
Trog was exalted by your worship.
You were very full.

You visited 3 branches of the dungeon, and saw 25 of its levels.
You also visited: Labyrinth.

You collected 1272 gold pieces.

Inventory:

Comestibles
 c - 8 meat rations
 p - a honeycomb
 x - 2 royal jellies
Scrolls
 a - 6 scrolls of teleportation
 d - a scroll of amnesia {unknown}
 n - 6 scrolls of remove curse
 s - 4 scrolls of blinking
 v - a scroll of torment {unknown}
 y - 5 scrolls of fear
 K - a scroll of holy word {unknown}
 L - 2 scrolls of identify
 M - a scroll of silence {unknown}
 N - 3 scrolls of curse armour {unknown}
 P - a scroll of vulnerability
Jewellery
 f - the ring of the King (right paw) {+Fly MR}
   (You found it on level 5 of the Lair of Beasts)

   [ring of protection from magic]

   It lets you fly.
 i - a cursed +3 ring of evasion (left paw)
 j - a cursed ring of teleportation
 l - the ring "Grisixku" {+Inv rElec MR Int+3, unknown}
   (You found it in a labyrinth)

   [ring of protection from magic]

   It affects your intelligence (+3).
   It insulates you from electricity.
   It lets you turn invisible.
 o - a cursed amulet of rage {unknown}
 t - the ring "Cloqen" {rC+ Dex+3 Int+4}
   (You found it on level 9 of the Dungeon)

   [ring of protection from cold]

   It affects your intelligence (+4).
   It affects your dexterity (+3).
 C - an uncursed ring of ice
 E - an uncursed ring of protection from magic
 F - a +3 ring of evasion
 I - an uncursed ring of teleport control {unknown}
 J - an uncursed ring of see invisible {unknown}
 Q - an uncursed ring of protection from fire {unknown}
Potions
 b - 14 potions of curing
 e - a potion of invisibility
 g - 5 potions of heal wounds
 h - a potion of restore abilities
 k - a potion of brilliance
 q - a potion of might
 z - a potion of agility
 B - 2 potions of berserk rage
 D - 2 potions of speed
Books
 m - a book of Callings

   Spells                             Type                      Level
   Summon Small Mammal                Summoning                    1
   Call Imp                           Summoning                    2
   Call Canine Familiar               Summoning                    3
   Summon Scorpions                   Summoning/Poison             4
   Summon Ice Beast                   Ice/Summoning                4
   Trog disapproves of the use of such an item.
 r - a book of Power

   Spells                             Type                      Level
   Iskenderun's Mystic Blast          Conjuration                  4
   Venom Bolt                         Conjuration/Poison           5
   Bolt of Magma                      Conjuration/Fire/Earth       5
   Poisonous Cloud                    Conjuration/Poison/Air       6
   Iron Shot                          Conjuration/Earth            6
   Orb of Destruction                 Conjuration                  7
   Trog disapproves of the use of such an item.
 w - a book of the Sky

   Spells                             Type                      Level
   Flight                             Charms/Air                   3
   Airstrike                          Air                          4
   Silence                            Hexes/Air                    5
   Deflect Missiles                   Charms/Air                   6
   Conjure Ball Lightning             Conjuration/Air              7
   Tornado                            Air                          9
   Trog disapproves of the use of such an item.
 G - a Grand Grimoire {highlevel}

   This book is beyond your current level of understanding.

   Spells                             Type                      Level
   Demonic Horde                      Summoning                    6
   Mass Abjuration                    Summoning                    6
   Haunt                              Necromancy/Summoning         7
   Summon Greater Demon               Summoning                    7
   Malign Gateway                     Summoning/Translocation      7
   Summon Horrible Things             Summoning                    8
   Trog disapproves of the use of such an item.
 H - a book of Minor Magic

   Spells                             Type                      Level
   Magic Dart                         Conjuration                  1
   Blink                              Translocation                2
   Call Imp                           Summoning                    2
   Repel Missiles                     Charms/Air                   2
   Slow                               Hexes                        2
   Conjure Flame                      Conjuration/Fire             3
   Mephitic Cloud                     Conjuration/Poison/Air       3
   Trog disapproves of the use of such an item.
Miscellaneous
 A - an ornate deck of destruction


   Skills:
 + Level 11.9 Fighting
 * Level 20.5 Dodging
 + Level 15.2 Stealth
 + Level 9.6 Traps
 * Level 14.4 Unarmed Combat


You had 12 spell levels left.
You didn't know any spells.

Dungeon Overview and Level Annotations

Branches:
Dungeon (14/27)            Temple (0/1) D:4             Orc (3/4) D:9
   Lair (8/8) D:13         Shoals (0/5) Lair:4        Snake (0/5) Lair:5
  Slime (0/6) Lair:6
    Elf: Orc:3-4

Altars:
Fedhas
Okawaru
Sif Muna
Trog
Beogh

Annotations
D:10 exclusion: door
Orc:3 Donald


Innate Abilities, Weirdness & Mutations

You cannot wear armour.
You are incapable of any advanced item manipulation.
Your paws have sharp claws.
You have razor-sharp teeth.
You have supernaturally acute eyesight.
You are carnivorous and can eat meat at any time.
You cover ground quickly.
Your thick and shaggy fur keeps you warm (AC +3, rC+).
You have a slow metabolism.
You are partially covered in yellow scales (AC +2).
You can translocate small distances at will.
You can breathe flames.
You are robust (+10% HP).
Your muscles are strong (Str +1).


Message History

Donald blocks your attack.
Donald is moderately wounded.
Donald completely misses you. The orc hits you with an orcish hammer.
The goblin completely misses you. Donald blocks your attack.
Your punch misses Donald.
Donald is moderately wounded.
The orc closely misses you. Donald completely misses you.
You mangle Donald!! You claw Donald. You bite Donald, but do no damage.
Donald is heavily wounded.
The goblin misses you. The orc barely misses you.
The orc completely misses you.
Unknown command.
Use which ability? (? or * to list)
Your skin crawls.
You feel resistant to hostile enchantments.
You feel slightly less full.
Donald hits you with a scimitar of flaming!
* * * LOW HITPOINT WARNING * * *
Donald burns you!
You die...

. .. ##. ## #..
..# ##..##..###.
#....#.....<
##.......#.#.
#..oo@........
#.g@###.......
#.f...#.......
##..).........
#.............
##.##)...<....
##.......#...
##.........#..
##.............
#...............


You could see Donald (bleeding), 2 orcs and a goblin.

Vanquished Creatures
  Rupert (Lair:4)
  5 hydras
  A minotaur (Lab)
  Erica (Lair:1)
  Josephine (D:11)
  Nessos (D:13)
  The ghost of TZer0 the Geomancer, an experienced LOEE of Vehumet (D:10)
  Urug (D:10)
  Nergalle (D:11)
  2 centaur warriors (D:13)
  The ghost of TZer0 the Geomancer, an experienced LOEE of Vehumet (D:8)
  2 hill giants
  An orc knight (Orc:1)
  Pikel (D:5)
  A cyclops (D:11)
  Joseph (D:10)
  A griffon (Lair:4)
  Maurice (D:8)
  A hydra skeleton (D:13)
  3 slime creatures (D:12)
  16 elephants
  2 black mambas
  8 spiny frogs
  A hill giant zombie (D:13)
  7 spriggans
  8 komodo dragons
  7 ugly things (D:13)
  A hill giant skeleton (D:11)
  Prince Ribbit (D:6)
  31 blink frogs
  A two-headed ogre (Orc:2)
  A snapping turtle (Lair:4)
  3 trolls
  3 shadows
  11 grizzly bears (Lair:8)
  3 basilisks
  27 yaks
  A vampire (D:13)
  Eustachio (D:7)
  3 hungry ghosts
  Grum (D:12)
  8 hippogriffs
  A komodo dragon zombie (D:13)
  11 war dogs
  Edmund (D:4)
  2 mottled dragons (D:13)
  2 soldier ants
  Menkaure (D:6)
  17 orc warriors
  10 black bears
  2 sky beasts
  2 phantoms
  3 ice beasts
  A yak zombie (D:8)
  8 ogres
  21 centaurs
  2 boring beetles
  A troll skeleton (D:11)
  8 crocodiles
  A hippogriff skeleton (D:12)
  A yak skeleton (D:9)
  2 big kobolds (D:11)
  Duvessa (D:9)
  A warg (Orc:1)
  The ghost of Kae the Firebug, an average DjFE (D:3)
  9 giant slugs
  17 wolves (Lair:8)
  19 giant frogs
  2 gnoll sergeants
  A giant frog skeleton (D:11)
  8 water moccasins
  A centaur skeleton (D:11)
  10 agate snails
  A spectral orc (D:11)
  4 wights (D:8)
  13 crimson imps
  2 ogre zombies
  3 goliath beetles
  Dowan (D:9)
  A big kobold zombie (D:10)
  A big kobold skeleton (D:11)
  5 hounds
  A two-headed ogre simulacrum (D:11)
  6 iguanas
  8 orc priests
  2 quasits
  10 worker ants
  3 hound skeletons
  10 orc wizards
  5 porcupines
  7 scorpions
  15 sheep
  19 jellies
  Terence (D:2)
  A goliath beetle zombie (D:9)
  A mummy (D:8)
  3 giant centipedes
  19 gnolls
  28 green rats
  A shadow imp (D:7)
  13 adders
  An adder skeleton (D:8)
  5 worms
  4 giant mites
  An ufetubus (D:7)
  A bat skeleton (D:5)
  3 giant eyeballs
  12 giant geckos
  3 oozes
  81 orcs
  13 bats
  3 giant cockroaches
  14 goblins
  19 hobgoblins
  26 jackals
  2 ball pythons
  7 giant newts
  A hobgoblin skeleton (D:4)
  A jackal skeleton (D:5)
  30 kobolds
  10 quokkas
  14 rats
  A rat zombie (D:5)
  A ballistomycete (D:13)
  2 fungi (Lair:7)
779 creatures vanquished.

Vanquished Creatures (collateral kills)
  An orc knight (Orc:2)
  A cyclops (D:13)
  5 ugly things (D:13)
  An orc warrior (Orc:2)
  An orc priest (Orc:2)
  4 orcs (Orc:2)
13 creatures vanquished.

Vanquished Creatures (others)
  A wizard (D:3)
  A centaur (D:13)
  A giant frog skeleton (D:5)
  A worker ant (D:8)
  A giant spore (D:13)
  A bush (Lair:3)
  A butterfly (D:7)
  2 fungi (Lair:6)
  A plant (Lair:8)
10 creatures vanquished.

Grand Total: 802 creatures vanquished

Notes
Turn   | Place    | Note
--------------------------------------------------------------
     0 | D:1      | Kae, the Felid Berserker, began the quest for the Orb.
     0 | D:1      | Reached XP level 1. HP: 10/10 MP: 1/1
   239 | D:1      | Reached XP level 2. HP: 11/14 MP: 2/2
   766 | D:2      | Acquired Trog's second power
   824 | D:2      | Reached XP level 3. HP: 9/18 MP: 4/4
  1124 | D:2      | Reached skill level 5 in Dodging
  1275 | D:2      | Noticed Terence
  1282 | D:2      | Killed Terence
  1282 | D:2      | Reached XP level 4. HP: 21/21 MP: 6/6
  1694 | D:2      | Found a bloodstained altar of Trog.
  1860 | D:3      | Noticed Kae's ghost (average DjFE)
  1869 | D:3      | Killed Kae's ghost
  1869 | D:3      | Reached skill level 6 in Dodging
  1869 | D:3      | Reached XP level 5. HP: 25/25 MP: 7/7
  2539 | D:3      | Found a bloodstained altar of Trog.
  2542 | D:3      | Noticed a wizard
  2549 | D:3      | Killed a wizard
  2819 | D:4      | Noticed an ogre
  2824 | D:4      | Found a staircase to the Ecumenical Temple.
  2827 | D:4      | Killed an ogre
  2827 | D:4      | Reached skill level 7 in Dodging
  2827 | D:4      | Gained mutation: You are covered in thick fur (AC +2). [growing up]
  2827 | D:4      | Reached XP level 6. HP: 25/29 MP: 9/9
  2890 | D:4      | Noticed Edmund
  2906 | D:4      | Killed Edmund
  2951 | D:4      | Noticed an ogre
  2978 | D:4      | Killed an ogre
  3161 | D:4      | Reached XP level 7. HP: 33/33 MP: 11/11
  3380 | D:4      | Reached skill level 8 in Dodging
  3507 | D:5      | Entered Level 5 of the Dungeon
  3584 | D:5      | Reached skill level 5 in Unarmed Combat
  3653 | D:5      | Reached skill level 1 in Stealth
  3716 | D:5      | Reached skill level 5 in Fighting
  4018 | D:5      | Noticed Pikel
  4035 | D:5      | Killed Pikel
  4035 | D:5      | Reached skill level 9 in Dodging
  4035 | D:5      | Reached XP level 8. HP: 37/37 MP: 12/12
  4272 | D:5      | Found an iron altar of Okawaru.
  5018 | D:6      | Reached skill level 10 in Dodging
  5258 | D:6      | Reached XP level 9. HP: 31/40 MP: 14/14
  5275 | D:6      | Acquired Trog's third power
  5441 | D:6      | Reached skill level 5 in Stealth
  5753 | D:6      | Noticed Menkaure
  5760 | D:6      | Killed Menkaure
  5797 | D:6      | Noticed Prince Ribbit
  5815 | D:6      | Killed Prince Ribbit
  5815 | D:6      | Reached skill level 11 in Dodging
  5911 | D:7      | Identified a scroll of acquirement
  5998 | D:7      | Found a blossoming altar of Fedhas.
  6592 | D:7      | Noticed Eustachio
  6611 | D:7      | Killed Eustachio
  6685 | D:7      | Found a deep blue altar of Sif Muna.
  6777 | D:8      | Noticed TZer0's ghost (experienced LOEE)
  6787 | D:8      | Killed TZer0's ghost
  6787 | D:8      | Reached skill level 12 in Dodging
  6787 | D:8      | Reached XP level 10. HP: 31/45 MP: 16/16
  6984 | D:8      | Noticed Maurice
  7002 | D:8      | Killed Maurice
  7710 | D:9      | Reached skill level 13 in Dodging
  8199 | D:9      | Found a staircase to the Orcish Mines.
  8199 | D:9      | Noticed Dowan
  8200 | D:9      | Noticed Duvessa
  8209 | D:9      | Killed Duvessa
  8215 | D:9      | Killed Dowan
  8288 | D:9      | Found a roughly hewn altar of Beogh.
  8506 | D:9      | Killed from afar by an orc priest
  8507 | D:9      | Reached XP level 9. HP: -5/42 MP: 14/14
  8843 | D:9      | Got a sparkling jade ring
  9706 | D:10     | Entered Level 10 of the Dungeon
  9706 | D:10     | Noticed Joseph
  9719 | D:10     | Killed Joseph
  9719 | D:10     | Reached XP level 10. HP: 26/46 MP: 16/16
  9797 | D:10     | Noticed a hill giant
  9808 | D:10     | Killed a hill giant
  9808 | D:10     | Reached skill level 14 in Dodging
  9990 | D:10     | Found a deep blue altar of Sif Muna.
 10092 | D:10     | Noticed TZer0's ghost (experienced LOEE)
 10128 | D:10     | Killed TZer0's ghost
 10378 | D:10     | Noticed Urug
 10392 | D:10     | Killed Urug
 10660 | D:10     | Reached skill level 15 in Dodging
 10661 | D:10     | Reached skill level 10 in Stealth
 10892 | D:11     | Noticed a cyclops
 10919 | D:11     | Killed a cyclops
 11150 | D:11     | Noticed Nergalle
 11170 | D:11     | Killed Nergalle
 11170 | D:11     | Reached XP level 11. HP: 51/51 MP: 17/17
 11600 | D:11     | Noticed Josephine
 11612 | D:11     | Killed Josephine
 12522 | D:12     | Reached skill level 16 in Dodging
 12592 | D:12     | Reached skill level 1 in Traps
 12683 | D:12     | Noticed Grum
 12690 | D:12     | Killed Grum
 12702 | D:12     | Reached skill level 10 in Unarmed Combat
 14126 | D:13     | Noticed a hill giant
 14132 | D:13     | Killed a hill giant
 14147 | D:13     | Noticed Nessos
 14164 | D:13     | Slain by Nessos
 14165 | D:13     | Reached XP level 10. HP: 0/48 MP: 16/16
 14169 | D:13     | Killed Nessos
 14169 | D:13     | Reached XP level 11. HP: 51/51 MP: 17/17
 14239 | D:13     | Found a staircase to the Lair.
 14285 | D:13     | Reached skill level 10 in Fighting
 14338 | D:13     | Gained mutation: You can translocate small distances at will. [mutagenic meat]
 14339 | D:13     | Gained mutation: You are robust (+10% HP). [mutagenic meat]
 14340 | D:13     | Gained mutation: You are partially covered in yellow scales (AC +2). [mutagenic meat]
 14341 | D:13     | Gained mutation: You can breathe flames. [mutagenic meat]
 14342 | D:13     | Gained mutation: Your magical capacity is low (-10% MP). [mutagenic meat]
 14345 | D:13     | Lost mutation: Your magical capacity is low (-10% MP). [mutagenic meat]
 14363 | D:13     | Noticed a centaur warrior
 14374 | D:13     | HP: 2/84 [centaur warrior/arrow (18)]
 14378 | D:13     | Shot with an arrow by a centaur
 14379 | D:13     | Reached XP level 10. HP: -6/78 MP: 16/16
 14379 | D:13     | Noticed a centaur warrior
 14391 | D:13     | Killed a centaur warrior
 14400 | D:13     | Reached skill level 17 in Dodging
 14791 | D:13     | Reached XP level 11. HP: 10/56 MP: 17/17
 14978 | D:13     | Gained mutation: You evolve. [mutagenic meat]
 14979 | D:13     | Gained mutation: Your muscles are strong (Str +1). [mutagenic meat]
 14980 | D:13     | Lost mutation: You evolve. [mutagenic meat]
 15119 | D:13     | Reached skill level 5 in Traps
 15123 | D:13     | Killed a centaur warrior
 15794 | D:14     | Entered Level 14 of the Dungeon
 15860 | Lair:1   | Entered Level 1 of the Lair of Beasts
 15946 | Lair:1   | Noticed Erica
 15982 | Lair:1   | Killed Erica
 16838 | Lair:2   | Reached skill level 18 in Dodging
 17034 | Lair:2   | Identified the ring "Cloqen" {rC+ Dex+3 Int+4} (You found it on level 9 of the Dungeon)
 17492 | Lair:2   | Gained mutation: Your thick and shaggy fur keeps you warm (AC +3, rC+). [growing up]
 17492 | Lair:2   | Reached XP level 12. HP: 53/61 MP: 18/18
 17671 | Lair:2   | Noticed a four-headed hydra
 17675 | Lair:2   | Killed a four-headed hydra
 18001 | Lair:2   | Noticed a four-headed hydra
 18011 | Lair:2   | Killed a four-headed hydra
 18251 | Lair:3   | Paralysed by a potion of paralysis for 7 turns
 18983 | Lair:4   | Noticed Rupert
 18999 | Lair:4   | Killed Rupert
 19144 | Lair:4   | Noticed a five-headed hydra
 19154 | Lair:4   | Killed a five-headed hydra
 19781 | Lair:4   | Found a staircase to the Shoals.
 20066 | Lair:5   | Got a steaming glass ring
 20178 | Lair:5   | Identified the ring of the King {+Fly MR} (You found it on level 5 of the Lair of Beasts)
 20223 | Lair:5   | Reached skill level 19 in Dodging
 20379 | Lair:5   | Found a staircase to the Snake Pit.
 20994 | Lair:6   | Found a staircase to the Slime Pits.
 21371 | Lair:6   | Reached XP level 13. HP: 67/67 MP: 20/20
 21529 | Lair:6   | HP: 3/67 [elephant (1)]
 21742 | Lair:6   | Noticed a four-headed hydra
 21751 | Lair:6   | Killed a four-headed hydra
 22114 | Lair:7   | Found a labyrinth entrance.
 22133 | Lab      | Entered a labyrinth
 22972 | Lab      | Noticed a minotaur
 22983 | Lab      | Killed a minotaur
 22994 | Lab      | Got a slimy pewter ring
 23298 | Lair:7   | Noticed a seven-headed hydra
 23322 | Lair:7   | Killed a seven-headed hydra
 24224 | Lair:8   | Entered Level 8 of the Lair of Beasts
 24424 | Lair:8   | Reached skill level 20 in Dodging
 24867 | Lair:8   | Reached skill level 15 in Stealth
 26116 | Orc:1    | Entered Level 1 of the Orcish Mines
 26280 | Orc:1    | Reached XP level 14. HP: 72/72 MP: 20/20
 26291 | Orc:1    | Killed from afar by an orc priest
 26292 | Orc:1    | Reached XP level 13. HP: -2/67 MP: 19/20
 26932 | Orc:3    | Noticed Donald
 26950 | Orc:3    | HP: 3/67 [Donald/scimitar of flaming (28)]
 26950 | Orc:3    | Mangled by Donald

Action                   |  1- 3 |  4- 6 |  7- 9 | 10-12 | 13-15 || total
-------------------------+-------+-------+-------+-------+-------++-------
Melee: Unarmed           |    96 |   122 |   492 |  1398 |   777 ||  2885
Invok: Trog's Hand       |     3 |     3 |     6 |    24 |    11 ||    47
       Berserk           |     1 |     7 |    16 |    27 |     6 ||    57
       Burn Spellbooks   |       |       |     2 |     1 |       ||     3
       Brothers in Arms  |       |       |       |     1 |     1 ||     2
 Abil: Blink             |       |       |       |     1 |    10 ||    11
       Breathe Fire      |       |       |       |     1 |       ||     1
  Use: Scroll            |       |       |    13 |    13 |     2 ||    28
       Potion            |       |       |       |    17 |     3 ||    20
 Stab: Sleeping          |     5 |     2 |    15 |    94 |    25 ||   141
       Distracted        |       |       |     4 |     6 |     3 ||    13
